 Dungeon Crawl Stone Soup version 0.31.0-32-g396128a36d (webtiles) character file.

Game seed: 2778557656553256744

521 PaiMei the Purveyor of Pain (level 7, 51/51 HPs)
             Began as a Demonspawn Necromancer on Mar 29, 2024.
             Was an Initiate of Kikubaaqudgha.
             Quit the game on level 5 of the Dungeon.
             The game lasted 00:06:21 (4887 turns).

PaiMei the Purveyor of Pain (DsNe)                  Turns: 4887, Time: 00:06:22

Health: 51/51      AC:  4    Str:  8    XL:     7   Next: 1%
Magic:  21/21      EV: 13    Int: 17    God:    Kikubaaqudgha [......]
Gold:   134        SH:  0    Dex: 14    Spells: 9/13 levels left

rFire   + . .        l - +3 club
rCold   + . .        (no shield)
rNeg    . . .        k - +0 robe {rC+ rF+}
rPois   .            (no helmet)
rElec   .            (no cloak)
rCorr   .            (no gloves)
SInv    .            (no boots)
Will    .....        (no amulet)
Stlth   ++           i - ring of magical power
HPRegen 0.28/turn    (no ring)
MPRegen 0.17/turn

%: no passive effects
@: no status effects
A: thin metallic scales 1, powered by death 2, powered by pain 1, weakness
stinger 1
a: Renounce Religion


You were on level 5 of the Dungeon.
You worshipped Kikubaaqudgha.
Kikubaaqudgha was noncommittal.
You visited 1 branch of the dungeon, and saw 5 of its levels.

You collected 160 gold pieces.
You spent 26 gold pieces at shops.

Inventory:

Hand Weapons
 l - a +3 club (weapon)
Missiles
 h - 5 poisoned darts
Armour
 g - the +7 chain mail of Untold Secrets {rC++}
   (You found it on level 2 of the Dungeon)

   rC++:      It greatly protects you from cold.
 k - a +0 robe of resistance (worn)
Jewellery
 i - a ring of magical power (left hand)
Wands
 o - a wand of flame (22)
 q - a wand of roots (10)
Scrolls
 a - a scroll of summoning {unknown}
 d - a scroll of enchant armour {unknown}
 e - 3 scrolls of identify
 f - a scroll of fog {unknown}
 m - a scroll of amnesia {unknown}
 n - a scroll of teleportation {unknown}
 p - a scroll of blinking {unknown}
Potions
 b - 2 potions of magic
 c - a potion of haste {unknown}
 j - 3 potions of enlightenment {unknown}


   Skills:
 + Level 2.5 Fighting
 + Level 3.7 Dodging
 - Level 2.9 Stealth
 + Level 3.8 Spellcasting
 + Level 6.0 Necromancy


You had 9 spell levels left.
You knew the following spells:

 Your Spells              Type           Power      Damage    Failure   Level
a - Necrotise             Necr           92%        1d8       1%          1
b - Vampiric Draining     Necr           23%        2d7       4%          3

Your spell library contained the following spells:

 Spells                   Type           Power      Damage    Failure   Level
 Animate Dead             Necr           23%        N/A       14%         4
 Curse of Agony           Necr           23%        N/A       36%         5
 Call Canine Familiar     Summ           3%         N/A       43%         3
 Sigil of Binding         Hex            3%         N/A       43%         3
 Dimensional Bullseye     Hex/Tloc       1%         N/A       85%         4


Dungeon Overview and Level Annotations

Branches:
Dungeon (5/15)             Temple (0/1) D:5

Altars:
Kikubaaqudgha
Sif Muna

Shops:
D:2 ?


Innate Abilities, Weirdness & Mutations

You are partially covered in thin metallic scales. (AC +2)
You regenerate health from kills.
You sometimes gain a little power by taking damage.
You have a small tail.


Message History

Your tail-slap misses the bombardier beetle.
The bombardier beetle is heavily wounded.
The bombardier beetle bites you.
You hit the bombardier beetle.
Your tail-slap misses the bombardier beetle.
The bombardier beetle is heavily wounded.
The bombardier beetle misses you.
Casting: Necrotise (safe; 1% risk of failure)
Confirm with . or Enter, or press ? or * to list all spells.
Aiming: Vampiric Draining (dangerous; 4% risk of failure)
Press: ? - help, Shift-Dir - straight line, f - bombardier beetle
Aim: a bombardier beetle (heavily wounded)
You draw life force from the bombardier beetle.
You feel life coursing into your body.
Casting: Vampiric Draining (dangerous; 4% risk of failure)
Confirm with . or Enter, or press ? or * to list all spells.
Aiming: Vampiric Draining (dangerous; 4% risk of failure)
Press: ? - help, Shift-Dir - straight line, f/p - bombardier beetle
Aim: a bombardier beetle (severely wounded)
You draw life force from the bombardier beetle!
You kill the bombardier beetle!
Kikubaaqudgha accepts your kill.
You feel life coursing into your body.
Your Necromancy skill increases to level 6!
You have reached level 7!
Your demonic ancestry asserts itself...
Thin metallic scales grow over part of your body.
You start resting.
Magic restored.
The rust devil screeches!
a - a scroll labelled MESUEQ HIESOCW
Found a ring mail.
You now have 134 gold pieces (gained 10).
c - an emerald potion
Found a staircase to the Ecumenical Temple.
Found 11 gold pieces.
Found a scroll labelled JIMOL HEADYCAFI.
Found a scroll labelled JASAESS RIFI.
There is a staircase to the Ecumenical Temple here.
Are you sure you want to abandon this character and quit the game? (Confirm with "yes".)

......P...P...P
............PP...P
......P.....?......
....?PP..PP.P...P.P.
#........P.⌠........P
#........PP.⌠8.....P.
#.....P$.⌠.PP⌠.⌠.PP..
#...P...P8.8@..8....P
#...P.P.P..PP.⌠P.PP..
#.........P.8...P....
#.P..P...P..⌠..P..P..
#.......P.........PP.
##.$..................
#...P...P.....P.PPP...
........[.......P.....
.#........PP..P.P.....


There were no monsters in sight!

Vanquished Creatures
  2 black bears
  A scorpion (D:2)
  A bombardier beetle (D:5)
  Jessica (D:2)
  2 orc wizards
  6 adders
  2 dart slugs (D:1)
  A ribbon worm (D:2)
  9 orcs
  12 endoplasms
  5 giant cockroaches
  5 goblins
  7 hobgoblins
  8 jackals (D:1)
  6 quokkas
  7 ball pythons
  9 bats
  2 frilled lizards
  5 kobolds
  2 rats
93 creatures vanquished.

Vanquished Creatures (collateral kills)
  2 endoplasms
  A giant cockroach (D:1)
  A bat (D:2)
4 creatures vanquished.

Vanquished Creatures (others)
  A human (D:4)
1 creature vanquished.

Grand Total: 98 creatures vanquished

Notes
Turn   | Place    | Note
-------+----------+-------------------------------------------
     0 | D:1      | PaiMei the Demonspawn Necromancer began the quest for the
                  | Orb.
     0 | D:1      | Reached XP level 1. HP: 13/13 MP: 3/3
   163 | D:1      | Gained mutation: You sometimes gain a little power by
                  | taking damage. [demonic ancestry]
   163 | D:1      | Reached XP level 2. HP: 15/19 MP: 1/5
   725 | D:1      | Gained mutation: You regenerate a little health from kills.
                  | [demonic ancestry]
   725 | D:1      | Reached XP level 3. HP: 4/24 MP: 0/6
  1116 | D:2      | Identified the +7 chain mail of Untold Secrets {rC++}
  1976 | D:2      | Found Wiquesie's Magic Scroll Shop.
  1988 | D:2      | Reached XP level 4. HP: 25/30 MP: 7/7
  2038 | D:2      | Bought a scroll of identify for 26 gold pieces
  2100 | D:2      | Reached skill level 5 in Necromancy
  2107 | D:2      | Noticed Jessica
  2141 | D:2      | Killed Jessica
  2470 | D:3      | Learned a level 3 spell: Vampiric Draining
  2574 | D:3      | Noticed a black bear
  2575 | D:3      | Noticed a scorpion
  2710 | D:2      | Gained mutation: You regenerate health from kills. [demonic
                  | ancestry]
  2710 | D:2      | Reached XP level 5. HP: 8/36 MP: 8/9
  3074 | D:2      | Reached skill level 1 in Fighting
  3345 | D:2      | Killed a black bear
  3346 | D:2      | Gained mutation: You have a small tail. [demonic ancestry]
  3346 | D:2      | Reached XP level 6. HP: 44/44 MP: 6/11
  3887 | D:3      | Found a faded altar of an unknown god.
  3938 | D:3      | You fall into a shaft and drop 2 floors!
  3938 | D:5      | Entered Level 5 of the Dungeon
  4004 | D:3      | Found a shimmering blue altar of Sif Muna.
  4046 | D:4      | Found an ancient bone altar of Kikubaaqudgha.
  4047 | D:4      | Noticed a human
  4050 | D:4      | Became a worshipper of Kikubaaqudgha
  4050 | D:4      | Killed a human
  4795 | D:5      | Reached skill level 6 in Necromancy
  4795 | D:5      | Gained mutation: You are partially covered in thin metallic
                  | scales. (AC +2) [demonic ancestry]
  4795 | D:5      | Reached XP level 7. HP: 51/51 MP: 12/12
  4854 | D:5      | Noticed a rust devil
  4872 | D:5      | Found a staircase to the Ecumenical Temple.
  4887 | D:5      | Quit the game

Illustrated notes

Levels and vault maps discovered:
D:1:      dpeg_arrival_tiny_i, layout_basic
D:2:      layout_basic, serial_shops, shop, minmay_hedge_maze, uniq_jessica
D:3:      layout_rooms, mainiacjoe_overflow_surrounded_room,
          nicolae_overflow_ecumenical_swirl,
          gammafunk_temple_overflow_forgotten, minmay_three_crescents
D:4:      layout_loops_ring, tgw_kikubaaqudgha, serial_forest,
          infiniplex_forest_lined_corner, infiniplex_forest_straight_1,
          infiniplex_forest_straight_3, infiniplex_forest_straight_2,
          infiniplex_forest_end_double, infiniplex_forest_clump_C,
          infiniplex_forest_clump_long, infiniplex_forest_straight_2
D:5:      layout_basic, temple_garden

Skill      XL: |  1  2  3  4  5  6 |
---------------+-------------------+-----
Dodging        | 2 3 |  3.7
Stealth        | 2 |  2.9
Necromancy     | 5 6 |  6.0
Spellcasting   | 3 |  3.8
Fighting       | 1 2 |  2.5

Action                     |  1- 3 |  4- 6 |  7- 9 || total
---------------------------+-------+-------+-------++-------
  Melee: Mace              |    33 |     1 |       ||    34
         Club              |       |    11 |       ||    11
   Cast: Necrotise         |    81 |   109 |       ||   190
         Vampiric Draining |       |     9 |       ||     9
   Stab: Sleeping          |       |     1 |       ||     1
 Armour: Robe              |    47 |    55 |       ||   102
  Dodge: Dodged            |    54 |    53 |       ||   107
